 Dungeon Crawl Stone Soup version 0.25.0-1-g7eea58d2a3 (webtiles) character file.

Game seed: 4937648672943203113

2557 Jakers the Tainter (level 9, -2/88 HPs)
             Began as a Naga Venom Mage on June 14, 2020.
             Slain by an adder zombie (4 damage)
             ... on level 8 of the Dungeon.
             The game lasted 00:21:10 (8836 turns).

Jakers the Tainter (Naga Venom Mage)                Turns: 8836, Time: 00:21:12

Health: -2/88      AC:  7    Str: 14    XL:     9   Next: 56%
Magic:  4/12       EV:  9    Int: 18    God:
Gold:   332        SH:  0    Dex: 11    Spells: 2/12 levels left

rFire    + . .     SeeInvis +   f - +1 halberd
rCold    x . .     Gourm    .   (shield currently unavailable)
rNeg     . . .     Faith    .   q - +2 robe {MR+}
rPois    +         Spirit   .   (no helmet)
rElec    .         Reflect  .   A - scarf {repulsion}
rCorr    .         Harm     .   (no gloves)
MR       +++..                  (no barding)
Stlth    ++........             (no amulet)
HPRegen  0.24/turn              i - ring of protection from magic
MPRegen  0.13/turn              v - ring of fire

@: heavily drained, repel missiles, very slow
A: large, stinger 1, rugged brown scales 1, see invisible, deformed body, poison
resistance, slowness 2, slow metabolism 1, spit poison 1, strong 1, AC +3
a: Spit Poison


You were on level 8 of the Dungeon.
You were near starving.

You visited 1 branch of the dungeon, and saw 8 of its levels.

You collected 332 gold pieces.

Inventory:

Hand Weapons
 d - a +0 spear
 e - a +0 whip
 f - a +1 halberd (weapon)
 p - a +0 scythe of venom
 s - a +0 trident
Missiles
 g - 8 curare-tipped darts (quivered)
Armour
 n - a +2 ring mail of poison resistance
 o - a +2 cloak
 q - a +2 robe of magic resistance (worn)
 A - a scarf of repulsion (worn)
Jewellery
 i - a ring of protection from magic (left hand)
 v - a ring of fire (right hand)
Wands
 m - a wand of acid (17)
 u - a wand of disintegration (13)
Scrolls
 l - a scroll of immolation
 r - 4 scrolls of identify
 w - a scroll of amnesia
 x - 3 scrolls of remove curse
Potions
 a - 2 potions of lignification
 h - 2 potions of flight
 j - 2 potions of brilliance
 k - a potion of invisibility
 t - a potion of cancellation
Comestibles
 c - 11 rations


   Skills:
 - Level 7.0(5.7) Fighting
 - Level 6.2(4.9) Polearms
 + Level 2.8(1.6) Armour
 - Level 1.5(0.4) Dodging
 - Level 3.0(1.8) Stealth
 - Level 2.0(0.8) Spellcasting
 - Level 1.0(0.0) Transmutations
 - Level 10.4(8.9) Poison Magic


You had 2 spell levels left.
You knew the following spells:

 Your Spells              Type           Power        Failure   Level  Hunger
a - Sting                 Tmut/Pois      ###.         3%          1    ##.....
b - Poisonous Vapours     Pois/Air       ###...       4%          2    ###....
c - Ignite Poison         Fire/Tmut/Pois ###.....     19%         3    ####...
d - Olgreb's Toxic Radia  Pois           ####....     4%          4    #####..

Your spell library contained the following spells:

 Spells                   Type           Power        Failure   Level  Hunger
 Mephitic Cloud           Conj/Pois/Air  ##......     19%         3    ####...


Dungeon Overview and Level Annotations

Branches:
Dungeon (8/15)
 Temple: D:4-7         Lair: D:8-11

Altars:
Ashenzari
Okawaru
Qazlal
Uskayaw

Annotations:
D:5 1 transporter


Innate Abilities, Weirdness & Mutations

You cannot wear boots.
Your serpentine skin is tough. (AC +3)
You have supernaturally acute eyesight. (SInv)
Armour fits poorly on your strangely shaped body.
Your system is resistant to poisons. (rPois)
You cover ground very slowly.
You have a slow metabolism.
You can spit poison.
Your tail ends in a poisonous barb.
You are partially covered in rugged brown scales. (AC +1, +3% HP)
Your muscles are strong. (Str +2)


Message History

The two-headed ogre is heavily wounded.
You are near starving!
The two-headed ogre hits you with a +0 giant club!
* * * LOW HITPOINT WARNING * * *
The two-headed ogre hits you with a +0 giant club!
* * * LOW HITPOINT WARNING * * *
As you read the scroll labeled FOHOCZ OMOGIDE, it crumbles to dust.
It is a scroll of enchant weapon.
Your +0 halberd glows red for a moment.
The howler monkey hoots and howls with incredible vigour!
The adder zombie bites you but does no damage.
You hear a shout! x3
As you read the scroll labeled KUTRER AFIMUAL, it crumbles to dust.
You assume a fearsome visage.
The howler monkey looks frightened!
The giant cockroach looks frightened!
The two-headed ogre resists with some effort.
The adder zombie is unaffected.
It was a scroll of fear.
The two-headed ogre completely misses you.
The two-headed ogre closely misses you. The adder zombie bites you.
You die...

..#.....#.###
..###..##.#####
.......#......#
.......#..###.#
####......# #.#
....#.## #.#
#####.
#.####+#####
..####.#.........
.........Z@..?.s..
##.####.#O########
#+#.# #....h.#
#.....<# #.....##
#..... #.....
#.....


You could see a two-headed ogre, a howler monkey (fleeing), an adder zombie and
a giant cockroach (fleeing).

Vanquished Creatures
  Sigmund (D:2)
  2 orc warriors
  2 ice beasts (D:6)
  A phantom (D:5)
  A sky beast (D:6)
  A necrophage (D:7)
  2 ogres
  Blork the orc (D:6)
  2 bullfrogs
  2 scorpions
  2 wights
  3 howler monkeys
  A centaur zombie (D:6)
  A crimson imp (D:5)
  A bullfrog zombie (D:5)
  4 orc priests
  2 jellies
  A bullfrog skeleton (D:6)
  A centaur skeleton (D:4)
  A hound (D:4)
  8 orc wizards
  An iguana (D:5)
  Jessica (D:3)
  Natasha (thrice) (D:2)
  5 worker ants
  2 hound skeletons
  A worker ant zombie (D:5)
  4 gnolls (D:4)
  7 adders
  2 oozes
  An adder zombie (D:5)
  An adder skeleton (D:4)
  4 worms
  2 dart slugs
  5 leopard geckos
  27 orcs
  3 ball pythons
  5 giant cockroaches
  10 goblins
  6 hobgoblins
  9 jackals
  7 kobolds
  5 quokkas
  A ball python zombie (D:3)
  3 bats
  6 frilled lizards
  11 rats
172 creatures vanquished.

Notes
Turn   | Place    | Note
-------+----------+-------------------------------------------
     0 | D:1      | Jakers the Naga Venom Mage began the quest for the Orb.
     0 | D:1      | Reached XP level 1. HP: 15/15 MP: 3/3
   357 | D:1      | Reached XP level 2. HP: 22/22 MP: 5/5
   605 | D:1      | Reached skill level 5 in Poison Magic
   930 | D:1      | Learned a level 2 spell: Poisonous Vapours
   931 | D:1      | Reached XP level 3. HP: 28/28 MP: 3/6
  1410 | D:2      | Found an iron altar of Okawaru.
  1608 | D:2      | Noticed Sigmund
  1614 | D:2      | Learned a level 3 spell: Ignite Poison
  1618 | D:2      | Killed Sigmund
  1618 | D:2      | Reached skill level 8 in Poison Magic
  1618 | D:2      | Reached XP level 4. HP: 36/36 MP: 0/7
  1618 | D:2      | Reached XP level 5. HP: 42/42 MP: 0/8
  2530 | D:2      | Noticed Natasha
  2536 | D:2      | Killed Natasha
  2536 | D:2      | Reached XP level 6. HP: 41/49 MP: 4/9
  2939 | D:2      | Noticed Natasha
  2941 | D:2      | Killed Natasha
  2941 | D:2      | Reached skill level 9 in Poison Magic
  2942 | D:2      | Noticed Natasha
  2943 | D:2      | Killed Natasha
  3060 | D:2      | Found a stormy altar of Qazlal.
  3535 | D:3      | Noticed Jessica
  3549 | D:3      | Killed Jessica
  3791 | D:3      | Reached skill level 10 in Poison Magic
  3791 | D:3      | Reached XP level 7. HP: 55/55 MP: 5/10
  3905 | D:4      | Reached skill level 1 in Fighting
  4524 | D:4      | Found a shattered altar of Ashenzari.
  4867 | D:4      | Learned a level 4 spell: Olgreb's Toxic Radiance
  5153 | D:5      | Entered Level 5 of the Dungeon
  5443 | D:5      | Reached skill level 5 in Fighting
  5443 | D:5      | Reached XP level 8. HP: 46/74 MP: 1/11
  6081 | D:5      | Found a transporter.
  6084 | D:5      | Found a transporter.
  6089 | D:5      | Found a hide-covered altar of Uskayaw.
  6699 | D:6      | Reached skill level 1 in Polearms
  6731 | D:5      | HP: 6/120 [bullfrog (4)]
  6760 | D:5      | HP: 4/80 [phantom (5)]
  6762 | D:5      | Gained mutation: Your body sometimes deteriorates upon
                  | taking damage. [potion of mutation]
  6762 | D:5      | Gained mutation: Your flesh is heat resistant. (rF+)
                  | [potion of mutation]
  6762 | D:5      | Gained mutation: Your mind is acute. (Int +2) [potion of
                  | mutation]
  7089 | D:5      | Lost mutation: Your mind is acute. (Int +2) [potion of
                  | mutation]
  7089 | D:5      | Lost mutation: Your body sometimes deteriorates upon taking
                  | damage. [potion of mutation]
  7089 | D:5      | Lost mutation: Your flesh is heat resistant. (rF+) [potion
                  | of mutation]
  7089 | D:5      | Gained mutation: Your tail ends in a poisonous barb.
                  | [potion of mutation]
  7089 | D:5      | Gained mutation: You are partially covered in rugged brown
                  | scales. (AC +1, +3% HP) [potion of mutation]
  7089 | D:5      | Gained mutation: Your muscles are strong. (Str +2) [potion
                  | of mutation]
  7102 | D:6      | Noticed Blork the orc
  7112 | D:6      | Killed Blork the orc
  7138 | D:6      | Reached XP level 9. HP: 77/88 MP: 4/12
  7275 | D:6      | Reached skill level 5 in Polearms
  8324 | D:7      | Reached skill level 1 in Armour
  8823 | D:8      | Noticed a two-headed ogre
  8834 | D:8      | HP: 1/88 [two-headed ogre/+0 giant club (15)]
  8836 | D:8      | Slain by an adder zombie

Illustrated notes

Levels and vault maps discovered:
D:1:      minmay_arrival_nine_rooms, layout_basic, minmay_pentomino_r2
D:2:      layout_basic, nicolae_qazlal_eye_of_the_storm,
          okawaru_metal_pillars_1_2, uniq_sigmund, uniq_natasha
D:3:      layout_rooms, uniq_jessica
D:4:      layout_loops_ring, nicolae_ashenzari_panopticon
D:5:      layout_rooms, gammafunk_temple_overflow_arena, first_ration
D:6:      layout_cave_pools, uniq_blork_the_orc
D:7:      layout_rooms, marbit_many_paths, nicolae_overflow_hidden_temple,
          minmay_temple_entry_tees, uniq_prince_ribbit1
D:8:      layout_basic

Skill      XL: |  1  2  3  4  5  6  7  8  9 |
---------------+----------------------------+-----
Poison Magic   | 5 8 10 | 10.4
Fighting       | 5 7 |  7.0
Polearms       | 4 6 |  6.2
Armour         | 2 |  2.8
Dodging        | |  1.5
Stealth        | |  3.0
Spellcasting   | |  2.0
Transmutations | |  1.0

Action                   |  1- 3 |  4- 6 |  7- 9 || total
-------------------------+-------+-------+-------++-------
Melee: Spear             |    52 |   100 |   188 ||   340
       Whip              |     2 |       |       ||     2
       Trident           |       |       |   121 ||   121
       Scythe            |       |       |     5 ||     5
       Halberd           |       |       |    22 ||    22
       Tailslap          |       |       |    16 ||    16
Throw: Dart              |       |       |     1 ||     1
 Cast: Sting             |    23 |     9 |    18 ||    50
       Poisonous Vapours |     9 |    46 |    73 ||   128
       Olgreb's Toxic Ra |       |       |     8 ||     8
       Ignite Poison     |       |       |     7 ||     7
 Abil: Spit Poison       |     4 |     4 |     7 ||    15
  Use: Potion            |     2 |     4 |     7 ||    13
       Scroll            |       |     5 |     6 ||    11
 Stab: Sleeping          |     4 |     7 |     3 ||    14
       Invisible         |       |       |     5 ||     5
  Eat: Chunk             |     2 |    10 |    14 ||    26
       Ration            |       |       |     3 ||     3
Armor: Robe              |     8 |    38 |   174 ||   220
       Skin              |       |       |    14 ||    14
Dodge: Dodged            |    29 |    49 |   189 ||   267
       Repelled          |       |       |     1 ||     1
